 Dungeon Crawl Stone Soup version 0.29.1-2-gbd0b4ee654 (webtiles) character file.

Game seed: 8744891087142695280

54 GorkyZ the Shield-Bearer (level 4, 0/35 HPs)
             Began as a Formicid Fighter on Nov 21, 2022.
             Was a Follower of Fedhas.
             Killed from afar by Ijyb (4 damage)
             ... with a puff of flame
             ... on level 3 of the Dungeon.
             The game lasted 00:08:50 (2441 turns).

GorkyZ the Shield-Bearer (Formicid Fighter)         Turns: 2441, Time: 00:08:51

Health: 0/35       AC:  6    Str: 23    XL:     4   Next: 12%
Magic:  4/4        EV: 10    Int:  7    God:    Fedhas [*.....]
Gold:   166        SH:  5    Dex: 13    Spells: 3/3 levels left

rFire   + . .      SeeInvis +   a - +0 trident
rCold   + . .      Faith    .   c - +0 buckler
rNeg    . . .      Spirit   .   b - +0 scale mail
rPois   .          Reflect  .   (helmet unavailable)
rElec   .          Harm     .   g - scarf {rC+ rF+}
rCorr   .          Rampage  .   (no gloves)
Will    .....                   (no boots)
Stlth   ..........              (no amulet)
HPRegen 0.11/turn               (no ring)
MPRegen 0.09/turn               (no ring)

@: no status effects
A: permanent stasis, dig shafts and tunnels, antennae 3, four strong arms
a: Dig, Shaft Self, Renounce Religion


You were on level 3 of the Dungeon.
You worshipped Fedhas.
Fedhas was aware of your devotion.
You visited 1 branch of the dungeon, and saw 3 of its levels.

You collected 166 gold pieces.

Inventory:

Hand Weapons
 a - a +0 trident (weapon)
Missiles
 n - 2 boomerangs (quivered)
Armour
 b - a +0 scale mail (worn)
 c - a +0 buckler (worn)
 g - a scarf of resistance (worn)
Jewellery
 p - an amulet of guardian spirit
Scrolls
 e - 2 scrolls of teleportation {unknown}
 j - a scroll of summoning {unknown}
 l - a scroll of identify {unknown}
 q - a scroll of amnesia {unknown}
Potions
 d - 2 potions of might
 f - 2 potions of heal wounds {unknown}
 h - a potion of resistance {unknown}
 i - a potion of flight {unknown}
 k - a potion of attraction {unknown}
 o - a potion of lignification {unknown}


   Skills:
 + Level 3.5 Fighting
 + Level 2.1 Polearms
 + Level 0.8 Throwing
 + Level 3.6 Armour
 * Level 1.3 Dodging
 + Level 4.2 Shields
 + Level 1.5 Evocations


You had 3 spell levels left.
You didn't know any spells.
Your spell library contained the following spells:

 Spells                   Type           Power      Damage    Failure   Level
 Magic Dart               Conj           0%         1d3       80%         1
 Sandblast                Erth           0%         2d4       80%         1
 Call Imp                 Summ           0%         N/A       91%         2
 Passwall                 Tmut/Erth      0%         N/A       91%         2
 Poisonous Vapours        Pois/Air       0%         N/A       91%         2
 Gell's Gravitas          Tloc           0%         N/A       99%         3
 Lesser Beckoning         Tloc           0%         N/A       99%         3
 Mephitic Cloud           Conj/Pois/Air  0%         N/A       99%         3
 Stone Arrow              Conj/Erth      0%         3d7       99%         3
 Teleport Other           Tloc           0%         N/A       99%         3
 Corpse Rot               Necr/Pois/Air  0%         N/A       100%        4


Dungeon Overview and Level Annotations

Branches:
Dungeon (3/15)

Altars:
Fedhas
Hepliaklqana
Kikubaaqudgha
Okawaru
Ru
Sif Muna
Trog
Vehumet
Xom

Annotations:
D:3 Grinder, Ijyb, Sigmund


Innate Abilities, Weirdness & Mutations

You cannot be hasted, slowed, berserked, paralysed or teleported.
You can dig through walls and to a lower floor.
You have a pair of large antennae on your head. (SInv)
Your four strong arms can wield two-handed weapons with a shield.


Message History

Sigmund looks even sicker.
Sigmund is lightly wounded.
Sigmund says, "You will soon forget everything."
Ijyb barely misses you. Sigmund hits you but does no damage.
Ijyb attacks as you move away! Ijyb barely misses you.
Ijyb zaps a wand.
The puff of flame hits you. You resist.
You feel less confused. Ijyb hits you with a +0 club.
Sigmund hits you with a +0 scythe!
Ijyb zaps a wand.
The puff of flame misses you. Ijyb hits you but does no damage.
Sigmund hits you from afar with a +0 scythe!
Ijyb attacks as you move away! Ijyb barely misses you.
Grinder comes into view.
She is carrying a wand of flame (9).
Grinder shouts!
Ijyb screams, "I dance on your bones!"
Grinder says, "There's only one good use for a tongue: cutting it out."
Grinder gestures at you.
Your stasis prevents you from being paralysed.
Ijyb zaps a wand.
The puff of flame misses you.
Sigmund looks more healthy.
Found 16 gold pieces.
Sigmund gestures at you while chanting. You resist with some effort.
Ijyb zaps a wand.
You block the puff of flame.
Ijyb zaps a wand.
The puff of flame hits you. You resist. Sigmund casts a spell at you.
The puff of flame hits you. You resist.
Ijyb screams, "No!
No, no, no, no!"
Ijyb zaps a wand.
The puff of flame hits you. You resist.
* * * LOW HITPOINT WARNING * * *
Grinder says, "Just stop there for a second..."
Grinder blinks!
Ijyb zaps a wand.
The puff of flame hits you. You resist.
* * * LOW HITPOINT WARNING * * *
Ijyb screams, "No!
No, no, no, no!"
Sigmund gestures at you while chanting. You resist with some effort.
Ijyb zaps a wand.
The puff of flame hits you. You resist.
You die...
Fedhas appreciates your contribution to the ecosystem.

#..........# #...(#
#.......>..# #.......(.
#.........# #.........
##.........# {
#.........
##..........#
#.........
............#
#.5.....(.
...._)......#
..........
#._..._.###.#
############......
.........##.#
#@......g.........
._..8.._.##.#
#....$...@........
............#
#.................
#._..._.#...#
#.................
#.......#...#
##################
###.....#...#
##.#.####.######## ...#
#........# ##.#
########.##############


You could see Ijyb.

Vanquished Creatures
  A ball python (D:2)
  9 bats
  4 endoplasms (D:1)
  A giant cockroach (D:1)
  4 goblins
  7 hobgoblins
  6 jackals
  4 kobolds
  2 quokkas
  A frilled lizard (D:1)
  6 rats
45 creatures vanquished.

Notes
Turn   | Place    | Note
-------+----------+-------------------------------------------
     0 | D:1      | GorkyZ the Formicid Fighter began the quest for the Orb.
     0 | D:1      | Reached XP level 1. HP: 18/18 MP: 1/1
   175 | D:1      | Reached XP level 2. HP: 24/24 MP: 2/2
   316 | D:1      | Reached skill level 1 in Dodging
   398 | D:1      | Reached XP level 3. HP: 29/29 MP: 3/3
   971 | D:1      | Reached skill level 1 in Evocations
  1316 | D:2      | Found a shimmering altar of Xom.
  1556 | D:2      | Found a faded altar of an unknown god.
  1574 | D:2      | Prayed at the altar of an unknown god.
  1574 | D:2      | Became a worshipper of Fedhas Madash
  1574 | D:2      | Reached * piety under Fedhas
  1893 | D:2      | Reached XP level 4. HP: 35/35 MP: 4/4
  2259 | D:3      | Found an ancient bone altar of Kikubaaqudgha.
  2259 | D:3      | Found a hazy altar of Hepliaklqana.
  2259 | D:3      | Found a shimmering blue altar of Sif Muna.
  2259 | D:3      | Found a bloodstained altar of Trog.
  2259 | D:3      | Found a radiant altar of Vehumet.
  2259 | D:3      | Found a sacrificial altar of Ru.
  2259 | D:3      | Found an iron altar of Okawaru.
  2409 | D:3      | Noticed Sigmund
  2415 | D:3      | Noticed Ijyb
  2427 | D:3      | Noticed Grinder
  2441 | D:3      | Killed from afar by Ijyb

Illustrated notes

Levels and vault maps discovered:
D:1:      kilobyte_arrival_exit_the_forest, layout_basic,
          minmay_misc_feat_secret_circle, minmay_ruptured
D:2:      layout_loops_cross, basic_altar,
          hellmonk_ecumenical_altar_pennies_from_heaven,
          minmay_misc_feat_enclosed
D:3:      layout_basic, nicolae_overflow_crystal_walls,
          grunt_temple_overflow_open, uniq_crazy_yiuf_cottage, uniq_grinder,
          uniq_ijyb, uniq_sigmund

Skill      XL: |  1  2  3 |
---------------+----------+-----
Dodging        | 1 |  1.3
Evocations     | 1 |  1.5
Fighting       | |  3.5
Polearms       | |  2.1
Throwing       | |  0.8
Armour         | |  3.6
Shields        | |  4.2

Action                   |  1- 3 |  4- 6 || total
-------------------------+-------+-------++-------
Melee: Trident           |   101 |    13 ||   114
Throw: Dart              |       |     3 ||     3
 Abil: Dig               |     1 |       ||     1
Armor: Scale mail        |    39 |     8 ||    47
Dodge: Dodged            |    41 |    12 ||    53
Block: Buckler           |    28 |     3 ||    31
